 Dungeon Crawl Stone Soup version 0.20-a0-1056-g7622305 (webtiles) character file.

21503 Murumi the Unseen (level 12, -2/86 HPs)
             Began as a Vampire Enchanter on Apr 25, 2017.
             Was an Elder of Dithmenos.
             Slain by Narsil's ghost (26 damage)
             ... on level 3 of the Lair of Beasts on Apr 26, 2017.
             The game lasted 01:16:15 (14151 turns).

Murumi the Unseen (Vampire Enchanter)              Turns: 14151, Time: 01:16:16

Health: -2/86      AC:  9    Str: 12    XL:     12   Next: 54%
Magic:  6/19       EV: 19    Int: 22    God:    Dithmenos [****..]
Gold:   754        SH:  8    Dex: 23    Spells: 6/21 levels left

rFire    + . .     SeeInvis +   N - +2 quick blade of Daskum {freeze, rC++ Int+4}
rCold    + + .     Gourm    .   n - +2 buckler
rNeg     . . .     Faith    .   b - +0 robe
rPois    +         Spirit   .   f - +0 helmet
rElec    .         Reflect  .   A - +0 cloak
rCorr    .         Harm     .   k - +1 pair of gloves
MR       +....                  i - +2 pair of boots
Stlth    ++++++++++             m - amulet of magic regeneration
Regen    0.5/turn               y - ring of protection from fire
MPRegen  0.3/turn               g - ring of Xom's Passing Interest {rPois Dex+4 SInv}

@: mighty, regenerating quickly, slowed, wreathed by umbra, very slow
A: fangs 3, see invisible, unbreathing
a: Shadow Step, Renounce Religion


You were on level 3 of the Lair of Beasts.
You worshipped Dithmenos.
Dithmenos was greatly pleased with you.
You were full.

You visited 3 branches of the dungeon, and saw 13 of its levels.
You also visited: Sewer.

You collected 754 gold pieces.

Inventory:

Hand Weapons
 r - a +4 dagger of venom
 N - the +2 quick blade of Daskum (weapon) {freeze, rC++ Int+4}
   (You acquired it on level 3 of the Lair of Beasts)

   It has been specially enchanted to freeze those struck by it, causing extra
   injury to most foes and up to half again as much damage against particularly
   susceptible opponents.
   It can also slow down cold-blooded creatures.
   It affects your intelligence (+4).
   It greatly protects you from cold.
Armour
 b - a +0 robe (worn)
 f - a +0 helmet (worn)
 i - a +2 pair of boots (worn)
 k - a +1 pair of gloves (worn)
 n - a +2 buckler (worn)
 A - a +0 cloak (worn)
Jewellery
 g - the ring of Xom's Passing Interest (right hand) {rPois Dex+4 SInv}
   (You found it on level 2 of the Lair of Beasts)

   [ring of see invisible]

   It affects your dexterity (+4).
   It protects you from poison.
   It lets you see invisible.
 m - an amulet of magic regeneration (around neck)
 y - a ring of protection from fire (left hand)
 E - an uncursed ring of protection from magic
 L - a +2 ring of intelligence
 O - an uncursed ring of protection from cold
Wands
 z - a wand of digging (10/24)
 C - a wand of iceblast (9/15)
 G - a wand of disintegration (7/24)
 I - a wand of lightning (6/15)
 M - a wand of acid (11/15)
Scrolls
 h - 3 scrolls of recharging
 o - 4 scrolls of teleportation
 w - 2 scrolls of magic mapping
 x - 3 scrolls of fear
 B - 4 scrolls of remove curse
 J - 3 scrolls of blinking
Potions
 d - 27 potions of blood
 j - 5 potions of flight
 l - 12 potions of curing
 p - a potion of heal wounds
 s - a potion of lignification
 t - a potion of brilliance
 u - 3 potions of might
 v - 3 potions of haste
 F - a potion of cancellation
 K - a potion of magic {unknown}
Books
 a - a book of Enchantments

   Spells                             Type                      Level
   a - Cause Fear                     Hexes                        4
   b - Yara's Violent Unravelling     Hexes/Transmutation          5
   c - Silence                        Hexes/Air                    5
   d - Deflect Missiles               Charms/Air                   6
   e - Discord                        Hexes                        8
 c - a book of Maledictions

   Spells                             Type                      Level
   a - Corona                         Hexes                        1
   b - Ensorcelled Hibernation        Hexes/Ice                    2
   c - Confuse                        Hexes                        3
   d - Tukima's Dance                 Hexes                        3
   e - Dazzling Spray                 Conjuration/Hexes            3
 D - a book of Changes

   Spells                             Type                      Level
   a - Beastly Appendage              Transmutation                1
   b - Sticks to Snakes               Transmutation                2
   c - Spider Form                    Transmutation/Poison         3
   d - Ice Form                       Ice/Transmutation            4
   e - Blade Hands                    Transmutation                5
 H - a book of Debilitation

   Spells                             Type                      Level
   a - Corona                         Hexes                        1
   b - Slow                           Hexes                        2
   c - Inner Flame                    Hexes/Fire                   3
   d - Portal Projectile              Hexes/Translocation          3
   e - Cause Fear                     Hexes                        4
   f - Leda's Liquefaction            Hexes/Earth                  4


   Skills:
 - Level 5.1 Fighting
 - Level 8.0 Short Blades
 - Level 8.1 Dodging
 + Level 20.0 Stealth
 - Level 5.1 Shields
 - Level 5.1 Spellcasting
 - Level 11.3 Hexes


You had 6 spell levels left.
You knew the following spells:

 Your Spells              Type           Power        Failure   Level  Hunger
a - Tukima's Dance        Hex            ######..     1%          3    ##.....
b - Ensorcelled Hibernat  Hex/Ice        ####..       1%          2    None
c - Confuse               Hex            ######..     1%          3    ##.....
d - Dazzling Spray        Conj/Hex       ####..       3%          3    ##.....
e - Cause Fear            Hex            ######....   1%          4    ####...


Dungeon Overview and Level Annotations

Branches:
Dungeon (9/15)             Temple (1/1) D:5            Lair (3/6) D:9
 Shoals (0/4) Lair:3       Spider (0/4) Lair:2
    Orc: D:9-12

Altars:
Ashenzari
Cheibriados
Dithmenos
Elyvilon
Fedhas
Gozag
Hepliaklqana
Kikubaaqudgha
Makhleb
Nemelex Xobeh
Okawaru
Qazlal
Ru
Sif Muna
Trog
Uskayaw
Vehumet
Wu Jian
Xom
Yredelemnul
Zin
The Shining One

Annotations:
Lair:3 Narsil's ghost, journeyman GnFi


Innate Abilities, Weirdness & Mutations

Your natural rate of healing is unusually fast.
You have razor-sharp teeth.
You have supernaturally acute eyesight. (SInv)
You can survive without breathing.


Message History

Your +2 pair of boots unmelds from your body.
Your +0 robe unmelds from your body.
Narsil's ghost barely misses you. Narsil's ghost completely misses you.
Casting: Dazzling Spray
Confirm with . or Enter, or press ? or * to list all spells.
Aiming: Dazzling Spray
Press: ? - help, Shift-Dir - straight line, f/p - Narsil's ghost
Aim: Narsil's ghost, wielding a vampiric weapon (moderately damaged, umbra)
The spray of energy misses Narsil's ghost.
The spray of energy hits Narsil's ghost.
Narsil's ghost closely misses you.
Casting: Dazzling Spray
Confirm with . or Enter, or press ? or * to list all spells.
Aiming: Dazzling Spray
Press: ? - help, Shift-Dir - straight line, f/p - Narsil's ghost
Aim: Narsil's ghost, wielding a vampiric weapon (moderately damaged, umbra)
The spray of energy hits Narsil's ghost.
Narsil's ghost is moderately damaged.
Narsil's ghost hits you!!
You die...

#.#...## ...
##....###...
##....#....
#.....#....
##...##.... ####
##...#.....
#..####P...#.....
###...............
#@WW..............
###..P#...#..#....
#................
#....}♣♣♣♣♣♣♣..≈≈
##.....♣ ♣..≈≈
#......♣ ♣..≈#
##.....♣ ♣..≈#
#.....♣ ♣..≈≈
#.....♣♣♣♣♣♣♣..≈≈


You could see 2 Narsil's ghosts.

Vanquished Creatures
  4 hydras
  3 two-headed ogres
  2 death yaks (Lair:3)
  An unseen horror (D:9)
  A manticore (D:9)
  A wolf spider (Lair:2)
  A torpor snail (Lair:3)
  A black mamba (Lair:2)
  A molten gargoyle (Lair:3)
  3 spiny frogs
  A rime drake (Lair:3)
  3 komodo dragons
  Grinder (D:5)
  2 jumping spiders (Lair:2)
  A polar bear (Lair:3)
  12 blink frogs
  2 hippogriffs
  A spriggan (D:9)
  Sigmund (D:6)
  6 yaks (D:9)
  3 fire bats (Lair:3)
  A wyvern (Lair:2)
  Eustachio (D:5)
  2 humans (D:7)
  A fire elemental (Lair:3)
  A hungry ghost (D:9)
  Menkaure (D:5)
  4 water moccasins
  7 porcupines
  3 orc warriors
  A sky beast (D:9)
  An ice beast (D:5)
  An ogre (D:6)
  3 phantoms
  4 wolves (Lair:3)
  3 centaurs
  4 crocodiles
  3 big kobolds
  7 bullfrogs
  5 scorpions
  7 wights
  2 vampire bats (D:8)
  2 electric eels (Lair:3)
  3 lava snakes (Lair:3)
  A bullfrog zombie (D:9)
  3 crimson imps (D:9)
  7 hounds
  3 jellies
  2 centaur skeletons (D:7)
  4 orc priests
  6 orc wizards
  A bullfrog skeleton (D:4)
  5 iguanas
  4 worker ants
  7 gnolls
  2 worker ant zombies
  A howler monkey skeleton (D:7)
  19 adders
  2 river rats (D:4)
  4 shadow imps
  An ooze (D:6)
  An adder zombie (D:6)
  2 adder skeletons
  6 worms
  5 dart slugs
  7 leopard geckos
  25 orcs
  5 bat skeletons (D:8)
  7 giant cockroaches
  8 goblins
  11 hobgoblins
  15 jackals
  22 kobolds
  5 quokkas
  2 ball pythons
  10 bats
  5 frilled lizards
  A jackal zombie (D:9)
  A leopard gecko skeleton (D:5)
  A quokka zombie (D:5)
  13 rats
342 creatures vanquished.

Vanquished Creatures (collateral kills)
  A wight (D:8)
1 creature vanquished.

Vanquished Creatures (others)
  2 dancing weapons (D:8)
  A quokka (D:3)
  A fungus (Lair:3)
  3 plants (Lair:3)
7 creatures vanquished.

Grand Total: 350 creatures vanquished

Notes
Turn   | Place    | Note
-------+----------+-------------------------------------------
     0 | D:1      | Murumi the Vampire Enchanter began the quest for the Orb.
     0 | D:1      | Reached XP level 1. HP: 13/13 MP: 3/3
   211 | D:1      | Reached skill level 5 in Stealth
   603 | D:1      | Reached XP level 2. HP: 20/20 MP: 5/5
   607 | D:1      | Learned a level 2 spell: Ensorcelled Hibernation
   618 | D:1      | Reached skill level 1 in Fighting
  1335 | D:2      | Reached skill level 6 in Stealth
  1335 | D:2      | Reached XP level 3. HP: 26/26 MP: 6/6
  1340 | D:2      | Learned a level 3 spell: Confuse
  1699 | D:2      | Found a stormy altar of Qazlal.
  1720 | D:2      | Reached skill level 7 in Stealth
  1819 | D:2      | Reached XP level 4. HP: 32/32 MP: 4/7
  1882 | D:2      | Found a deep blue altar of Sif Muna.
  2312 | D:2      | Reached skill level 8 in Stealth
  2367 | D:3      | Found a bloodstained altar of Trog.
  2558 | D:3      | Found a sparkling altar of Nemelex Xobeh.
  2661 | D:3      | Reached XP level 5. HP: 37/37 MP: 3/8
  3355 | D:3      | Reached skill level 9 in Stealth
  3519 | D:3      | Reached XP level 6. HP: 41/43 MP: 9/9
  3525 | D:3      | Learned a level 3 spell: Tukima's Dance
  3555 | D:3      | Upgraded the game from 0.20-a0-1050-g57248f3 to 0.20-a0-1056-g7622305
  3653 | D:4      | Reached skill level 10 in Stealth
  3773 | D:4      | Found a shattered altar of Ashenzari.
  3988 | D:4      | Found a glowing drain.
  3992 | Sewer    | Entered a sewer
  4172 | Sewer    | Reached skill level 5 in Hexes
  4191 | Sewer    | Found a white marble altar of Elyvilon.
  4391 | D:4      | Reached XP level 7. HP: 50/50 MP: 7/10
  4808 | D:5      | Entered Level 5 of the Dungeon
  4814 | D:5      | Found an opulent altar of Gozag.
  4815 | D:5      | Found a glowing silver altar of Zin.
  4841 | D:5      | Noticed Menkaure
  4868 | D:5      | Killed Menkaure
  4868 | D:5      | Reached skill level 11 in Stealth
  4923 | D:5      | Noticed Eustachio
  4951 | D:6      | Reached skill level 12 in Stealth
  4951 | D:6      | Reached XP level 8. HP: 56/56 MP: 6/11
  4953 | D:6      | Noticed Sigmund
  4956 | D:6      | Found a blossoming altar of Fedhas.
  4965 | D:6      | Killed Sigmund
  5086 | D:5      | Reached skill level 5 in Short Blades
  5508 | D:5      | Learned a level 3 spell: Dazzling Spray
  5710 | D:5      | Killed Eustachio
  5797 | D:5      | Found an ornate altar of the Wu Jian Council.
  6007 | D:5      | Noticed Grinder
  6009 | D:5      | Found a staircase to the Ecumenical Temple.
  6027 | D:5      | Killed Grinder
  6027 | D:5      | Reached XP level 9. HP: 54/64 MP: 10/15
  6032 | Temple   | Entered the Ecumenical Temple
  6069 | Temple   | Became a worshipper of Dithmenos the Shadowed
  6482 | D:6      | Found a snail-covered altar of Cheibriados.
  6705 | D:6      | Reached skill level 13 in Stealth
  6784 | D:6      | Reached * piety under Dithmenos
  7071 | D:7      | Reached skill level 14 in Stealth
  7711 | D:7      | Found an iron altar of Okawaru.
  7718 | D:7      | Reached skill level 15 in Stealth
  7815 | D:7      | Reached skill level 5 in Dodging
  8390 | D:8      | Noticed a two-headed ogre
  8397 | D:8      | Killed a two-headed ogre
  8397 | D:8      | Reached skill level 10 in Hexes
  8397 | D:8      | Reached XP level 10. HP: 70/70 MP: 16/16
  8774 | D:8      | Noticed a two-headed ogre
  8791 | D:8      | Killed a two-headed ogre
  8825 | D:8      | Reached ** piety under Dithmenos
  8844 | D:8      | Reached skill level 5 in Fighting
  9001 | D:8      | Found an ancient bone altar of Kikubaaqudgha.
  9490 | D:9      | Learned a level 4 spell: Cause Fear
  9603 | D:9      | Noticed a manticore
  9606 | D:9      | Killed a manticore
  9606 | D:9      | Reached skill level 16 in Stealth
  9609 | D:9      | Found a staircase to the Lair.
  9705 | D:9      | Noticed a two-headed ogre
  9714 | D:9      | Killed a two-headed ogre
  9824 | D:9      | Noticed an unseen horror
  9838 | D:9      | Killed an unseen horror
  9980 | D:9      | Reached XP level 11. HP: 79/79 MP: 17/17
  9988 | D:9      | Reached *** piety under Dithmenos
 10382 | D:9      | Found a glowing golden altar of the Shining One.
 10588 | Lair:1   | Entered Level 1 of the Lair of Beasts
 10638 | Lair:1   | Reached skill level 17 in Stealth
 10840 | Lair:1   | Noticed a seven-headed hydra
 10846 | Lair:1   | Killed a seven-headed hydra
 10858 | Lair:1   | Noticed a four-headed hydra
 10869 | Lair:1   | Killed a four-headed hydra
 10869 | Lair:1   | Reached skill level 18 in Stealth
 11066 | Lair:1   | Reached skill level 5 in Spellcasting
 11935 | Lair:2   | Reached skill level 19 in Stealth
 12091 | Lair:2   | Got a scintillating golden ring
 12093 | Lair:2   | Identified the ring of Xom's Passing Interest {rPois Dex+4 SInv} (You found it on level 2 of the Lair of Beasts)
 12103 | Lair:2   | Found a hole to the Spider Nest.
 12104 | Lair:2   | Noticed a wolf spider
 12182 | Lair:2   | Killed a wolf spider
 12909 | Lair:3   | Noticed a four-headed hydra
 12930 | Lair:2   | Killed a four-headed hydra
 12930 | Lair:2   | Reached XP level 12. HP: 82/86 MP: 11/19
 13056 | Lair:3   | Reached **** piety under Dithmenos
 13069 | Lair:3   | Identified a scroll of acquirement
 13070 | Lair:3   | Got a brightly glowing quick blade
 13071 | Lair:3   | Identified the +2 quick blade of Daskum {freeze, rC++ Int+4} (You acquired it on level 3 of the Lair of Beasts)
 13358 | Lair:3   | Found a staircase to the Shoals.
 13360 | Lair:3   | Noticed a death yak
 13360 | Lair:3   | Noticed a death yak
 13378 | Lair:3   | Killed a death yak
 13378 | Lair:3   | Reached skill level 5 in Shields
 13421 | Lair:3   | Killed a death yak
 13553 | Lair:3   | Noticed a six-headed hydra
 13560 | Lair:3   | Killed a six-headed hydra
 13997 | Lair:3   | Noticed Narsil's ghost (journeyman GnFi)
 14015 | Lair:3   | Noticed Narsil's ghost (journeyman GnFi)
 14045 | Lair:3   | Reached skill level 20 in Stealth
 14142 | Lair:3   | HP: 4/129 [Narsil's ghost (19)]
 14151 | Lair:3   | Slain by Narsil's ghost

Vault maps used:
D:1:      dpeg_arrival_prison
D:2:      marbit_many_paths, led_sif_pool, first_bread
D:3:      cheibrodos_thug_alley, bloody_trog, nemelex_altar_shiori
D:4:      evilmike_ruin_ashenzari, gup_sewer_entry_spiral, hex_tiny
D:5:      grunt_temple_overflow_gold_and_silver, nicolae_overflow_crystal_walls,
          minmay_temple_entry_statues_pillars, minmay_bent, uniq_eustachio,
          uniq_menkaure, uniq_grinder
D:6:      overflow_temple_1_default, lemuel_crystal_altar, grunt_ministairs_11,
          uniq_sigmund
D:7:      okawaru_humans
D:8:      kennysheep_vampire_church
D:9:      nicolae_tso_swordbearing_angel, lair_entry_dummy, the_bakery
Temple:   jpeg_temple_island
Lair:1:   beast_lair_carwin_2
Lair:2:   spider_nest_entry_funnel_web, columned_hall_lemuel,
          lemuel_fruit_fields, lemuel_fruit_tree
Lair:3:   shoals_dummy_entry, grunt_megastairs_4, infiniplex_staircase_pool,
          serial_bayou_shore_a
Sewer:    sewer_kobolds

Skill      XL: |  1  2  3  4  5  6  7  8  9 10 11 12 |
---------------+-------------------------------------+-----
Stealth        | 5 6 7 8 9 10 12 15 16 19 20 | 20.0
Fighting       | 1 2 3 5 |  5.1
Short Blades   | 2 3 5 7 8 |  8.0
Hexes          | 6 8 10 11 | 11.3
Dodging        | 4 5 7 8 |  8.1
Spellcasting   | 4 5 |  5.1
Shields        | 2 5 |  5.1

Action                   |  1- 3 |  4- 6 |  7- 9 | 10-12 || total
-------------------------+-------+-------+-------+-------++-------
Melee: Dagger            |    68 |   213 |   225 |   200 ||   706
       Bite              |     4 |    16 |    12 |    30 ||    62
       Quick blade       |       |       |       |   190 ||   190
 Cast: Ensorcelled Hiber |    12 |    33 |    37 |    78 ||   160
       Confuse           |       |     2 |    19 |    40 ||    61
       Tukima's Dance    |       |       |     2 |     5 ||     7
       Dazzling Spray    |       |       |       |    17 ||    17
       Cause Fear        |       |       |       |     1 ||     1
 Abil: End Transformatio |       |     1 |       |       ||     1
       Bat Form          |       |     1 |       |       ||     1
  Use: Scroll            |     8 |     6 |     8 |     5 ||    27
       Potion            |       |     3 |     2 |    26 ||    31
 Stab: Sleeping          |    25 |    33 |    63 |    77 ||   198
       Distracted        |       |     2 |     3 |     7 ||    12
       Confused          |       |     1 |    13 |    21 ||    35
       Invisible         |       |       |       |     8 ||     8
  Eat: Corpse            |       |     1 |     1 |       ||     2
Armor: Robe              |    12 |    48 |    40 |    47 ||   147
       Skin              |       |       |       |    16 ||    16
Dodge: Dodged            |    41 |    96 |   107 |   301 ||   545
Block: Buckler           |       |       |       |    25 ||    25
